[Event "*** Titled Tuesday Blitz"]
[Site "Chess.com"]
[Date "2021.02.16"]
[Round "10"]
[White "Leo_C"]
[Black "Godzillator"]
[Result "0-1"]
[WhiteElo "2419"]
[BlackElo "2305"]
[TimeControl "180+1"]
[EndTime "11:57:20 PST"]
[Termination "Godzillator won by resignation"]

1. d4 d5 2. c4 c6 3. Nc3 Nf6 4. Nf3 a6 5. cxd5 cxd5 6. Bf4 Ne4 7. Rc1 Nxc3 8. Rxc3 Nc6 9. e3 e5 10. Nxe5 Bb4 11. Qa4 Bxc3+ 12. bxc3 Bd7 13. Nxd7 Qxd7 14. Bd3 O-O 15. O-O b5 16. Qc2 g6 17. e4 Rac8 18.
exd5 Nxd4 19. Qd2 Nf5 20. Be4 Nd6 21. Bf3 Rc4 22. Bh6 Rfc8 23. g4 f6 24. Re1 Nf7 25.
Be3 Ne5 26. Be2 Rxg4+ 27. Bxg4 Qxg4+ 28. Kh1 Nf3 29. Qe2 Qh3 30. Bf4 Nxe1 31. Qxe1 Qf3+ 0-1

[Event "*** Titled Tuesday Blitz"]
[Site "Chess.com"]
[Date "2021.02.16"]
[Round "10"]
[White "Kapibara_Warri0r"]
[Black "harlem4brew"]
[Result "0-1"]
[WhiteElo "2179"]
[BlackElo "2313"]
[TimeControl "180+1"]
[EndTime "11:57:20 PST"]
[Termination "harlem4brew won by resignation"]

1. d4 e6 2. c4 d5 3. Nc3 Nf6 4. cxd5 exd5 5. Bg5 c6 6. Qc2 Be7 7. e3 h6 8. Bh4 O-O 9. Nf3 Be6 10.
Bd3 Nbd7 11. O-O Rc8 12. e4 dxe4 13. Nxe4 Nxe4 14. Bxe7 Qxe7 15. Bxe4 Nf6 16. Bf5 Bxf5 17. Qxf5 Qd7 18. Qa5 b6 19. Qa3 Rfe8 20. Rfe1 a5 21. Rad1 Rcd8 22. h3 Qd5 23. b3 Ne4 24. Qc1 Nd6 25. Qf4 Re4 26. Rxe4 Qxe4 27. Qe5 Qg6 28. Qf4 Nb5 29. Ne5 Qe6 30. Nc4 Nc3 31. Qc7 Rc8 32. Qd6 Nxd1 0-1

[Event "*** Titled Tuesday Blitz"]
[Site "Chess.com"]
[Date "2021.02.16"]
[Round "10"]
[White "barriochess"]
[Black "zmeeed67"]
[Result "0-1"]
[WhiteElo "2427"]
[BlackElo "2335"]
[TimeControl "180+1"]
[EndTime "11:57:22 PST"]
[Termination "zmeeed67 won by resignation"]

1. d4 Nc6 2. Nf3 d6 3. e4 Nf6 4. Nc3 Bg4 5. Be2 e5 6. d5 Ne7 7. Ng1 Bd7 8. g4 h6 9. Be3 Ng6 10. Nh3 Be7 11. f3 Nh7 12. Qd2 Bh4+ 13. Nf2 Bg5 14. O-O Bxe3 15. Qxe3 Nf4 16. Nd3 g5 17.
Nxf4 gxf4 18. Qd2 h5 19. gxh5 Qg5+ 20. Kh1 Qxh5 21. Bb5 Ng5 22. Bxd7+ Kxd7 23. Qg2 Rag8 24. Qg4+ Qxg4 25. fxg4 Nh3 26. Rad1 Rxg4 27. Rd2 Rhg8 28. Ne2 Ng5 29. Nc3 Nh3 30. Ne2 Rg2 0-1

[Event "*** Titled Tuesday Blitz"]
[Site "Chess.com"]
[Date "2021.02.16"]
[Round "10"]
[White "Chopper1905"]
[Black "1977Ivan"]
[Result "0-1"]
[WhiteElo "2923"]
[BlackElo "2758"]
[TimeControl "180+1"]
[EndTime "11:57:27 PST"]
[Termination "1977Ivan won by resignation"]

1. d4 Nf6 2. Nf3 d6 3. c4 c6 4.
Nc3 Bg4 5. g3 Bxf3 6. exf3 d5 7.
Qb3 Qd7 8. Be3 e6 9. c5 Be7 10.
h4 O-O 11. Bh3 b6 12. cxb6 axb6 13. O-O c5 14. a4 Nc6 15. Nb5 Na5 16. Qc2 c4 17.
Nc3 Nc6 18. Rad1 Bb4 19. f4 Bxc3 20. bxc3 Ne4 21. f5 exf5 22. Bf4 Ne7 23. Rb1 Qxa4 24.
Qxa4 Rxa4 25. Rxb6 Nxc3 26. Bd6 Nc8 27. Bxf8 Nxb6 28. Bc5 Nd7 29. Re1 g6 30. Re8+ Kg7 31.
Rd8 Nxc5 32. dxc5 Ra5 33. Rc8 Ne4 0-1

[Event "*** Titled Tuesday Blitz"]
[Site "Chess.com"]
[Date "2021.02.16"]
[Round "10"]
[White "Taktikmonster"]
[Black "BairaKovanova"]
[Result "1-0"]
[WhiteElo "2372"]
[BlackElo "2448"]
[TimeControl "180+1"]
[EndTime "11:57:28 PST"]
[Termination "Taktikmonster won by resignation"]

1. e4 d6 2. d4 g6 3. Nc3 Bg7 4. f4 Nf6 5. Nf3 O-O 6. Bd3 c5 7. dxc5 dxc5 8. e5 Nd5 9. Nxd5 Qxd5 10. Qe2 Nc6 11. O-O Be6 12. Be4 Qd7 13. Be3 b6 14. Rad1 Qc8 15. Qb5 Na5 16. Bxa8 Bc4 17. Qd7 Bxf1 18.
Kxf1 Qxa8 19. b3 Qe4 20. Qd3 Qb7 21. Qd5 Qa6+ 22. c4 Nb7 23. e6 f6 24. f5 Nd6 25.
fxg6 hxg6 26. Nh4 Qxa2 27. Nxg6 Qxb3 28. Nxe7+ Kh7 29. Qh5+ 1-0

[Event "*** Titled Tuesday Blitz"]
[Site "Chess.com"]
[Date "2021.02.16"]
[Round "10"]
[White "PSvidler"]
[Black "Frolyanov_D"]
[Result "1/2-1/2"]
[WhiteElo "2911"]
[BlackElo "2687"]
[TimeControl "180+1"]
[EndTime "11:57:30 PST"]
[Termination "Game drawn by agreement"]

1. e4 c5 2. Nf3 e6 3. d4 cxd4 4. Nxd4 a6 5. Bd3 g6 6. O-O Bg7 7. Be3 Ne7 8. Nd2 d5 9. c3 O-O 10. N2f3 e5 11. Nb3 dxe4 12. Bxe4 Qxd1 13. Rfxd1 f5 14.
Bc2 e4 15. Nfd4 h6 16. Nc5 Bxd4 17. cxd4 b6 18. Bb3+ Kh7 19. Ne6 Bxe6 20. Bxe6 f4 21. Bc1 Nbc6 22. d5 Ne5 23. d6 Nf5 24. Be3 Nh4 25. Bd4 Nd3 1/2-1/2

[Event "*** Titled Tuesday Blitz"]
[Site "Chess.com"]
[Date "2021.02.16"]
[Round "10"]
[White "Mazetovic"]
[Black "dretch"]
[Result "0-1"]
[WhiteElo "2701"]
[BlackElo "2851"]
[TimeControl "180+1"]
[EndTime "11:57:34 PST"]
[Termination "dretch won by resignation"]

1. e4 e6 2. d3 d5 3. Nd2 c5 4.
Ngf3 Nc6 5. g3 Bd6 6. Bg2 Nge7 7. O-O O-O 8. Re1 Qc7 9. Nf1 d4 10. a4 e5 11. N3d2 Na5 12. b3 Be6 13. Nc4 Nxc4 14.
bxc4 Kh8 15. Nd2 g6 16. Rb1 Bd7 17. Ra1 f6 18. Nb3 Rf7 19. a5 Re8 20. Be3 Nc6 21.
Bd2 Be6 22. Qc1 f5 23. exf5 gxf5 24. f4 e4 25. dxe4 Bxc4 26. e5 Bf8 27. Qd1 Be6 28.
Qf3 c4 29. Nc1 c3 30. Bxc3 dxc3 31. Nd3 Rd8 32. a6 Nd4 33. Qf2 b5 34. Kh1 b4 35.
Red1 b3 36. cxb3 Nxb3 37. Ra2 Rfd7 0-1

[Event "*** Titled Tuesday Blitz"]
[Site "Chess.com"]
[Date "2021.02.16"]
[Round "10"]
[White "lelya96"]
[Black "ChessFighter1975"]
[Result "1-0"]
[WhiteElo "2258"]
[BlackElo "2361"]
[TimeControl "180+1"]
[EndTime "11:57:44 PST"]
[Termination "lelya96 won by resignation"]

1. e4 d6 2. d4 Nf6 3. Nc3 Nbd7 4. Be3 e5 5. f3 c6 6. Qd2 b5 7. Nge2 b4 8. Nd1 d5 9. exd5 Nxd5 10.
Ng3 Be7 11. Bc4 O-O 12. Bxd5 cxd5 13. O-O Ba6 14. Re1 Rc8 15. Nf2 Nb6 16. b3 Bf6 17. Nf5 g6 18. dxe5 Bxe5 19. Nh6+ Kh8 20. Bxb6 Qxb6 21. Rxe5 d4 22. Rae1 Rcd8 23. Nd3 Qf6 24. Ng4 Qh4 25. g3 Qh3 26. Nf4 1-0

[Event "*** Titled Tuesday Blitz"]
[Site "Chess.com"]
[Date "2021.02.16"]
[Round "10"]
[White "IAgrest"]
[Black "volunteers1998"]
[Result "0-1"]
[WhiteElo "2287"]
[BlackElo "2134"]
[TimeControl "180+1"]
[EndTime "11:57:48 PST"]
[Termination "volunteers1998 won by resignation"]

1. e4 c5 2. Nf3 Nc6 3. d4 cxd4 4. Nxd4 Nf6 5. Nc3 e5 6. Ndb5 d6 7.
Bg5 a6 8. Na3 b5 9. Bxf6 gxf6 10. Nd5 f5 11. Bxb5 axb5 12. Nxb5 Ra5 13. Nbc7+ Kd7 14.
Qh5 Rxd5 15. Nxd5 Ne7 16. Qxf7 Bb7 17. Nf6+ Kc7 18. O-O fxe4 19. Rad1 Bh6 20. Rfe1 Rf8 21. Qc4+ Kb8 22. Nxe4 Nf5 23. Qb4 Rg8 24. g3 Rg4 25. h3 Rg7 26. Kh2 Nd4 27. Rd3 Nxc2 28. Qd2 Bxd2 0-1

[Event "*** Titled Tuesday Blitz"]
[Site "Chess.com"]
[Date "2021.02.16"]
[Round "10"]
[White "JQuiroga18"]
[Black "Szparu"]
[Result "0-1"]
[WhiteElo "2454"]
[BlackElo "2669"]
[TimeControl "180+1"]
[EndTime "11:57:50 PST"]
[Termination "Szparu won by resignation"]

1. e4 c5 2. Nf3 Nc6 3. d4 cxd4 4. Nxd4 Nf6 5. Nc3 d6 6. Bg5 e6 7. Be2 Be7 8. Qd2 h6 9. Bxf6 Bxf6 10. Ndb5 O-O 11.
Qxd6 Bxc3+ 12. bxc3 Qf6 13. O-O a6 14. Nc7 Rb8 15. Rad1 Qxc3 16. Bd3 Rd8 17. Qg3 Ne5 18. f4 Nxd3 19. Rxd3 Rxd3 20. Qxd3 Qxc7 21. f5 exf5 22. exf5 Bd7 23. f6 Bb5 24. c4 Qxc4 0-1

[Event "*** Titled Tuesday Blitz"]
[Site "Chess.com"]
[Date "2021.02.16"]
[Round "10"]
[White "Chesswizard_2007"]
[Black "ErikRonka"]
[Result "1-0"]
[WhiteElo "2703"]
[BlackElo "2494"]
[TimeControl "180+1"]
[EndTime "11:57:50 PST"]
[Termination "Chesswizard_2007 won by checkmate"]

1. Nf3 d5 2. c4 e6 3. e3 Nf6 4.
Nc3 c6 5. b3 Nbd7 6. Bb2 Bd6 7.
Be2 O-O 8. Rg1 Qe7 9. g4 Ba3 10. Bxa3 Qxa3 11. g5 Ne8 12. Qc2 a6 13. h4 b5 14. h5 bxc4 15. bxc4 Rb8 16. g6 fxg6 17. Ng5 Rb2 18. Qd3 Qe7 19. hxg6 h6 20. Nf7 Nef6 21. Qd4 e5 22. Nxd5 Qa3 23. Qh4 cxd5 24. Nxh6+ gxh6 25. Qxh6 Qb4 26. Rd1 Qe7 27. g7 Kf7 28. cxd5 Rg8 29. Qg6# 1-0

[Event "*** Titled Tuesday Blitz"]
[Site "Chess.com"]
[Date "2021.02.16"]
[Round "10"]
[White "pavelalexandru07"]
[Black "Kale36"]
[Result "0-1"]
[WhiteElo "2312"]
[BlackElo "2238"]
[TimeControl "180+1"]
[EndTime "11:57:52 PST"]
[Termination "Kale36 won by resignation"]

1. e4 g6 2. d4 Bg7 3. c4 d6 4.
Nc3 a6 5. Be3 b6 6. Be2 Bb7 7. Bf3 Nd7 8. Nge2 e5 9. O-O Ne7 10. Re1 O-O 11. d5 f5 12. Nc1 f4 13.
Bd2 g5 14. Nd3 Nf6 15. b4 Bc8 16. Be2 g4 17. f3 h5 18. c5 Ng6 19. Rf1 Nh4 20.
Kh1 Qe8 21. Rg1 Qg6 22. Be1 g3 23. h3 Bh6 24. Bf1 Kh7 25. Ne2 Rg8 26. cxd6 cxd6 27. Rc1 Ra7 28. Nc3 Bxh3 29. gxh3 g2+ 30. Kh2 Qg3+ 0-1

[Event "*** Titled Tuesday Blitz"]
[Site "Chess.com"]
[Date "2021.02.16"]
[Round "10"]
[White "iulik86"]
[Black "bsnsun"]
[Result "0-1"]
[WhiteElo "2570"]
[BlackElo "2453"]
[TimeControl "180+1"]
[EndTime "11:57:53 PST"]
[Termination "bsnsun won by resignation"]

1. d4 Nf6 2. Nc3 d5 3. Bg5 e6 4. e4 dxe4 5. Nxe4 Be7 6. Bxf6 Bxf6 7. Nf3 b6 8. Qe2 Bb7 9. O-O-O Nd7 10. h4 Qe7 11.
Qe3 O-O-O 12. Kb1 h5 13. Bc4 Kb8 14. Neg5 Bxg5 15. Nxg5 Nf6 16. f3 Rhe8 17. Rhe1 Nd5 18. Qd2 Qf6 19. Bxd5 Bxd5 20. Qe3 Rd7 21. b3 Red8 22.
c3 Bb7 23. Kb2 c5 24. Qe5+ Qxe5 25. Rxe5 f6 26. Rxe6 fxg5 27. hxg5 cxd4 28. cxd4 Rxd4 29. Rxd4 Rxd4 30. Kc3 Rd5 31. Rg6 Rd7 32. Re6 Kc7 33. a4 Bd5 34. Re5 Bc6 35. a5 Kd6 36. Re8 bxa5 37. Rh8 Rc7 38. Kb2 Bd5 39. Rxh5 Rb7 40.
Rh7 Rxb3+ 41. Kc2 Rb7 42. Rh4 a4 0-1

[Event "*** Titled Tuesday Blitz"]
[Site "Chess.com"]
[Date "2021.02.16"]
[Round "10"]
[White "DinaBelenkaya"]
[Black "abeljusto"]
[Result "1-0"]
[WhiteElo "2282"]
[BlackElo "2036"]
[TimeControl "180+1"]
[EndTime "11:57:54 PST"]
[Termination "DinaBelenkaya won on time"]

1. e4 Nf6 2. e5 Nd5 3. d4 d6 4.
c4 Nb6 5. exd6 cxd6 6. Be3 g6 7.
Nc3 Bg7 8. Rc1 O-O 9. b3 Bf5 10. Be2 e5 11. d5 Na6 12. Nf3 Nc5 13. O-O a5 14. Nb5 Qe7 15. a3 e4 16. Nfd4 Bd7 17.
Re1 Bxb5 18. Nxb5 f5 19. Bd4 Bh6 20. Rc3 Nbd7 21. Bf1 Ne5 22. f3 exf3 23. Nxd6 fxg2 24. Bxg2 Qxd6 25. Bxe5 Qd7 26. d6 Rae8 27. Qd5+ Ne6 28. Qxb7 Qxb7 29. Bxb7 Rd8 30. Bd5 Kf7 31. c5 Rfe8 32.
c6 Bd2 33. Rcc1 Bxe1 34. Rxe1 Kf8 35. d7 Re7 36. Bd6 1-0

[Event "*** Titled Tuesday Blitz"]
[Site "Chess.com"]
[Date "2021.02.16"]
[Round "10"]
[White "crazy_but_lazy"]
[Black "McCarthyStone"]
[Result "1-0"]
[WhiteElo "2499"]
[BlackElo "2375"]
[TimeControl "180+1"]
[EndTime "11:57:58 PST"]
[Termination "crazy_but_lazy won by resignation"]

1. e4 d6 2. d4 g6 3. Nc3 Bg7 4. Be3 a6 5. Bd3 b5 6. a4 b4 7. Nce2 Nd7 8. Nf3 Bb7 9. Ng3 h5 10. Qd2 h4 11. Ne2 h3 12. gxh3 Ngf6 13. Ng3 a5 14. h4 Rc8 15. c3 c5 16. O-O Ng4 17. Bg5 Qb6 18. Bb5 Nf6 19. Rfe1 Kf8 20. Rad1 Kg8 21.
Qf4 Nf8 22. d5 Rd8 23. c4 Qc7 24. e5 dxe5 25. Nxe5 N8h7 26. Nxg6 fxg6 27. Qxc7 1-0

[Event "*** Titled Tuesday Blitz"]
[Site "Chess.com"]
[Date "2021.02.16"]
[Round "10"]
[White "PlotnikovPavel"]
[Black "mirochka"]
[Result "1-0"]
[WhiteElo "2459"]
[BlackElo "2272"]
[TimeControl "180+1"]
[EndTime "11:58:00 PST"]
[Termination "PlotnikovPavel won on time"]

1. e4 c5 2. Nc3 Nc6 3. Bb5 Nd4 4. Nf3 Nxf3+ 5. Qxf3 a6 6. Bc4 e6 7. a4 Ne7 8. O-O Nc6 9. Qd1 Be7 10. d3 O-O 11. f4 Rb8 12. Be3 Nd4 13. Bxd4 cxd4 14. Ne2 b5 15. axb5 axb5 16. Bb3 d5 17. e5 Bc5 18. Kh1 Bb7 19. Ng3 Qh4 20. f5 Bb6 21. f6 gxf6 22. Rxf6 Bc7 23. Qe2 Qg5 24. Re1 Kh8 25.
c3 dxc3 26. bxc3 Ra8 27. d4 Ra3 28. Rb1 Ba6 29. Bc2 b4 30. Qf2 Rxc3 31. Ra1 Bd3 32. Bxd3 Rxd3 33. Rxf7 Rxf7 34. Qxf7 1-0

[Event "*** Titled Tuesday Blitz"]
[Site "Chess.com"]
[Date "2021.02.16"]
[Round "10"]
[White "LiemLe"]
[Black "Indianlad"]
[Result "1-0"]
[WhiteElo "3012"]
[BlackElo "2932"]
[TimeControl "180+1"]
[EndTime "11:58:01 PST"]
[Termination "LiemLe won by resignation"]

1. d4 Nf6 2. Nf3 d5 3. c4 e6 4. g3 Bb4+ 5. Bd2 Bd6 6. Nc3 O-O 7. Bg5 Be7 8. Qb3 c6 9. Bg2 Nbd7 10. O-O h6 11. Bf4 Nh5 12. Bd2 Nhf6 13. Rac1 Nb6 14. cxd5 exd5 15. Bf4 Nh5 16. Ne5 Nxf4 17. gxf4 Bf5 18.
e3 f6 19. Nf3 Kh8 20. Nh4 Bh7 21. f5 Rb8 22. Qc2 Nc4 23. Kh1 Bb4 24. Rg1 Nd6 25. Bf1 Bxc3 26. bxc3 Qe7 27. Bd3 Rbc8 28. Qe2 Ne4 29.
Rg4 Nd6 30. Rcg1 Rf7 31. Qf3 b5 32. Qf4 a5 33. Ng6+ Bxg6 34. fxg6 Rff8 35. Rh4 Kg8 36. Rxh6 gxh6 37. g7 Rf7 38. Qxh6 Rxg7 39. Qh7+ 1-0

[Event "*** Titled Tuesday Blitz"]
[Site "Chess.com"]
[Date "2021.02.16"]
[Round "10"]
[White "Grimlock_Glasgow"]
[Black "The_filthy"]
[Result "1-0"]
[WhiteElo "2446"]
[BlackElo "2327"]
[TimeControl "180+1"]
[EndTime "11:58:01 PST"]
[Termination "Grimlock_Glasgow won by resignation"]

1. e4 e6 2. d4 d5 3. e5 Qd7 4. Nf3 b6 5. a4 Ba6 6. Bxa6 Nxa6 7. Qe2 Nb8 8. a5 b5 9. c3 Ne7 10. Nbd2 Ng6 11. b4 Be7 12. Nb3 Na6 13. h4 h5 14.
Bg5 O-O-O 15. Bxe7 Nxe7 16. Ng5 Rdf8 17. O-O-O c6 18. Kb2 Nf5 19. g3 f6 20. exf6 Rxf6 21.
Rde1 Nd6 22. Ka2 Nc4 23. f4 Re8 24. Qxh5 Re7 25. Re2 Qd6 26. Nc5 Nxc5 27. dxc5 Qc7 28. Rhe1 Qd7 29. Qg4 d4 30. Rd1 d3 31. Ree1 Qd5 32. Qf3 Qd7 33. Rxd3 1-0

[Event "*** Titled Tuesday Blitz"]
[Site "Chess.com"]
[Date "2021.02.16"]
[Round "10"]
[White "stepanosinovsky"]
[Black "milenapn"]
[Result "1-0"]
[WhiteElo "2300"]
[BlackElo "2123"]
[TimeControl "180+1"]
[EndTime "11:58:01 PST"]
[Termination "stepanosinovsky won on time"]

1. e4 e5 2. Bc4 Bc5 3. Qh5 Qf6 4. Nf3 d6 5. d4 exd4 6. e5 dxe5 7. Nxe5 Be6 8. Nxf7 Bb4+ 9. c3 Bxf7 10. Bxf7+ Qxf7 11. Qb5+ Nc6 12. Qxb7 Qe6+ 13. Kd1 Qg4+ 14. f3 Nd8 15.
Re1+ 1-0

[Event "*** Titled Tuesday Blitz"]
[Site "Chess.com"]
[Date "2021.02.16"]
[Round "10"]
[White "Oleksandr_Bortnyk"]
[Black "DenLaz"]
[Result "0-1"]
[WhiteElo "2928"]
[BlackElo "2812"]
[TimeControl "180+1"]
[EndTime "11:58:06 PST"]
[Termination "DenLaz won by resignation"]

1. e4 e5 2. Nf3 Nc6 3. Bc4 Bc5 4.
d3 Nf6 5. c3 d6 6. Nbd2 a6 7.
b4 Ba7 8. a4 O-O 9. h3 Be6 10.
Bb3 Ne7 11. Ng5 Bxb3 12. Qxb3 Ng6 13. g3 d5 14. exd5 Nxd5 15. Ndf3 Nf6 16. Qc4 b5 17. Qa2 Qxd3 18. Qd2 Qc4 19. Bb2 h6 20. Qe2 Qxe2+ 21. Kxe2 hxg5 22. Nxg5 Bb6 23. a5 Ba7 24. f3 Ne7 25. c4 bxc4 26. Bxe5 Ned5 27. Bxf6 gxf6 28. Ne4 f5 29. Nd2 Rfe8+ 30. Kd1 Rad8 31. g4 c3 32. Nb3 0-1

[Event "*** Titled Tuesday Blitz"]
[Site "Chess.com"]
[Date "2021.02.16"]
[Round "10"]
[White "ElCoachRene"]
[Black "ChronicUnhappiness"]
[Result "1-0"]
[WhiteElo "2230"]
[BlackElo "2301"]
[TimeControl "180+1"]
[EndTime "11:58:06 PST"]
[Termination "ElCoachRene won by resignation"]

1. d4 Nf6 2. Bf4 e6 3. e3 Bd6 4.
Bg3 Bxg3 5. hxg3 b6 6. Nd2 Bb7 7. Ngf3 Qe7 8. Bd3 d6 9. e4 c5 10. e5 Nd5 11. c3 cxd4 12. cxd4 dxe5 13. dxe5 Nc6 14. a3 O-O-O 15. Rc1 Kb8 16. Qe2 f6 17. O-O g5 18. Rfe1 g4 19. Nh2 f5 20. Nc4 Nd4 21. Qf1 h5 22. Nd6 h4 23. Nxb7 Qxb7 24. Ba6 Qh7 25. Qc4 hxg3 26. fxg3 Qxh2+ 27. Kf2 Nf4 28. Qc7+ 1-0

[Event "*** Titled Tuesday Blitz"]
[Site "Chess.com"]
[Date "2021.02.16"]
[Round "10"]
[White "LuisFSiles"]
[Black "noamapplesauce"]
[Result "0-1"]
[WhiteElo "2286"]
[BlackElo "2151"]
[TimeControl "180+1"]
[EndTime "11:58:08 PST"]
[Termination "noamapplesauce won by checkmate"]

1. e4 e5 2. Nf3 Nc6 3. Bc4 Bc5 4. O-O Nf6 5. d4 Bxd4 6. Nxd4 Nxd4 7. Bg5 Ne6 8. f4 exf4 9. Bxe6 dxe6 10. Qxd8+ Kxd8 11. e5 h6 12. Bh4 g5 13. Rxf4 Nd7 14. Rxf7 gxh4 15. Nc3 Ke8 16. Rf4 Nxe5 17. Re1 Ng6 18. Rf6 Rg8 19. Ne4 Ke7 20. Ref1 Ne5 21. Rxh6 Rg7 22.
Rh8 b6 23. Rh5 Ng4 24. Rf4 Bb7 25. Ng5 Nf6 26. Rh6 Rxg5 27. Rhxf6 Rxg2+ 28. Kf1 Rag8 29. Rf7+ Kd6 30. Rd4+ Ke5 31. Rff4 Rxc2 32. Rxh4 Ba6+ 33. Ke1 Rg1# 0-1

[Event "*** Titled Tuesday Blitz"]
[Site "Chess.com"]
[Date "2021.02.16"]
[Round "10"]
[White "SanQui14"]
[Black "novocane"]
[Result "1/2-1/2"]
[WhiteElo "2408"]
[BlackElo "2252"]
[TimeControl "180+1"]
[EndTime "11:58:11 PST"]
[Termination "Game drawn by stalemate"]

1. d4 Nf6 2. c4 e6 3. f3 d5 4. e3 c5 5. cxd5 exd5 6. Nc3 cxd4 7.
Qxd4 Nc6 8. Bb5 Bd7 9. Bxc6 bxc6 10. Nge2 Bd6 11. O-O Qe7 12. Qh4 O-O 13. Bd2 Rfe8 14. Rad1 c5 15. Bc1 Bc6 16. Kh1 Rad8 17. Rfe1 Bc7 18.
Nf4 Bxf4 19. Qxf4 d4 20. Nb1 Nd5 21. Qg3 Nxe3 22. Bxe3 dxe3 23. Rxd8 Qxd8 24. Nc3 Qd2 25. Re2 Qc1+ 26. Qe1 Qxe1+ 27. Rxe1 Bb7 28. Nd1 e2 29. Nc3 Ba6 30. Kg1 f6 31. Kf2 Rd8 32. Ke3 Rd3+ 33. Kf2 Rd2 34. b3 Rc2 35.
Nxe2 Rxa2 36. Ke3 Rxe2+ 37. Rxe2 Bxe2 38. Kxe2 Kf7 39. Kd3 Ke6 40. Kc4 Kd6 41. Kb5 Kd5 42. g4 g6 43. h4 f5 44. h5 fxg4 45. fxg4 gxh5 46. gxh5 h6 47. Ka6 c4 48. bxc4+ Kxc4 49. Kxa7 Kd5 50. Kb6 Ke5 51. Kc5 Kf5 52. Kd4 Kg5 53.
Ke3 Kxh5 54. Kf2 Kg4 55. Kg1 Kh3 56. Kh1 h5 57. Kg1 h4 58. Kh1 Kg3 59. Kg1 h3 60.
Kh1 h2 1/2-1/2

[Event "*** Titled Tuesday Blitz"]
[Site "Chess.com"]
[Date "2021.02.16"]
[Round "10"]
[White "Ginger_GM"]
[Black "TigrVShlyape"]
[Result "1/2-1/2"]
[WhiteElo "2648"]
[BlackElo "2888"]
[TimeControl "180+1"]
[EndTime "11:58:15 PST"]
[Termination "Game drawn by repetition"]

1. e4 e5 2. Nf3 Nc6 3. Bc4 Nf6 4. d4 exd4 5. O-O Nxe4 6. Re1 d5 7. Bxd5 Qxd5 8.
Nc3 Qd8 9. Rxe4+ Be7 10. Nxd4 O-O 11. Nxc6 bxc6 12. Qxd8 Bxd8 13. Bf4 Bf5 14. Rc4 Bxc2 15. Rxc6 Rb8 16. b3 Bf5 17. Bxc7 Rc8 18. Nd5 Be4 19. Bxd8 Rxc6 20. Ne7+ Kh8 21. Nxc6 Bxc6 22. Be7 Re8 23. Bc5 a6 24. Be3 Bd5 25. Rd1 Be6 26. Rd6 Ra8 27. f4 h5 28. Bd4 Kh7 29. Kf2 a5 30. Bc5 a4 31. bxa4 Rxa4 32. a3 Rxf4+ 33. Ke3 Rc4 34.
Bb4 Kg6 35. Rd4 Rc2 36. Rd2 Rc8 37. a4 Rc4 38. Rd4 Rc2 39. Rd2 Rc4 40. Rd4 Rc2 41. Rd2 Rc4 1/2-1/2

[Event "*** Titled Tuesday Blitz"]
[Site "Chess.com"]
[Date "2021.02.16"]
[Round "10"]
[White "csati17"]
[Black "woodhy"]
[Result "1-0"]
[WhiteElo "2592"]
[BlackElo "2455"]
[TimeControl "180+1"]
[EndTime "11:58:18 PST"]
[Termination "csati17 won by checkmate"]

1. c4 b6 2. Nc3 Bb7 3. e4 e6 4. g3 f5 5. Bg2 Nf6 6. Nge2 fxe4 7. O-O Qc8 8. Qc2 d5 9. Nf4 Bd6 10. Nce2 O-O 11. Bh3 Re8 12. Nxe6 Rxe6 13. Nd4 Nbd7 14. Bxe6+ Kh8 15. cxd5 Nxd5 16. Qxe4 Nf4 17. Bxd7 Bxe4 18. Bxc8 Rxc8 19. gxf4 Bd3 20. Re1 Bxf4 21. b3 c5 22. Ne6 Bh6 23. Bb2 Rc6 24. Nf4 Bg6 25. Nxg6+ Rxg6+ 26. Kf1 Kg8 27. Re8+ Kf7 28. Rae1 Bxd2 29. R1e7# 1-0

[Event "*** Titled Tuesday Blitz"]
[Site "Chess.com"]
[Date "2021.02.16"]
[Round "10"]
[White "lachesisQ"]
[Black "DrVelja"]
[Result "1-0"]
[WhiteElo "3059"]
[BlackElo "2886"]
[TimeControl "180+1"]
[EndTime "11:58:19 PST"]
[Termination "lachesisQ won by resignation"]

1. e4 c5 2. Nf3 Nc6 3. d4 cxd4 4. Nxd4 Nf6 5. Nc3 e5 6. Ndb5 d6 7. Nd5 Nxd5 8. exd5 Nb8 9. a4 Be7 10. Bd2 O-O 11.
Be2 Nd7 12. a5 a6 13. Na3 f5 14. Nc4 e4 15. Bb4 Rf6 16. Qd2 Rg6 17. g3 Qc7 18. h4 Nc5 19. Nb6 Rb8 20. Ra3 Bd7 21. Rc3 Be8 22. Bh5 Rh6 23. Bxe8 Rxe8 24. Kd1 Bf6 25. Rc4 Be5 26. Kc1 Qe7 27. Kb1 Rg6 28. Rd1 Rd8 29. Bc3 Rg4 30. Qe2 h5 31. Bd2 e3 32.
Bxe3 Rxc4 33. Qxc4 Ne4 34. Qd3 g6 35. Nc4 Bg7 36.
f3 Nxg3 37. Rg1 f4 38. Bxf4 Ne2 39. Bg5 1-0

[Event "*** Titled Tuesday Blitz"]
[Site "Chess.com"]
[Date "2021.02.16"]
[Round "10"]
[White "Spalir"]
[Black "anon481216"]
[Result "1-0"]
[WhiteElo "2679"]
[BlackElo "2474"]
[TimeControl "180+1"]
[EndTime "11:58:19 PST"]
[Termination "Spalir won by resignation"]

1. e4 c5 2. Nf3 e6 3. d4 cxd4 4. Nxd4 Nc6 5. Nc3 Qc7 6. Be3 a6 7. Be2 Nf6 8. O-O Be7 9. f4 d6 10. Qe1 O-O 11. Kh1 Nxd4 12. Bxd4 b5 13. a3 Bb7 14.
Bd3 Bc6 15. Qg3 Rad8 16. Rad1 Qb7 17. Rde1 Qd7 18. Re2 d5 19. exd5 Bxd5 20. Nxd5 Qxd5 21. c3 Kh8 22. Re5 Qd7 23. Qh3 Bd6 24. Rg5 e5 25. Bf5 Qe7 26. fxe5 Bxe5 27. Re1 Qc7 28. Bxh7 Nxh7 29. Bxe5 f6 30. Bxc7 1-0

[Event "*** Titled Tuesday Blitz"]
[Site "Chess.com"]
[Date "2021.02.16"]
[Round "10"]
[White "SilviusTiberius"]
[Black "Eliwood44"]
[Result "0-1"]
[WhiteElo "2571"]
[BlackElo "2470"]
[TimeControl "180+1"]
[EndTime "11:58:24 PST"]
[Termination "Eliwood44 won by resignation"]

1. e4 e5 2. Nf3 Nc6 3. Bb5 a6 4. Ba4 Nf6 5. O-O b5 6. Bb3 Be7 7. Re1 O-O 8. a4 Bb7 9. d3 d6 10. c3 Nd7 11. Nbd2 Nc5 12. Bc2 bxa4 13. Nf1 f5 14.
exf5 Qd7 15. d4 exd4 16. cxd4 Nb3 17. Bxb3+ axb3 18. Qxb3+ Kh8 19. Qxb7 Rfb8 20. Rxe7 Nxe7 21. Qe4 Nxf5 22. Ng5 h6 23. Ng3 Re8 24. Qf3 Nxg3 25. hxg3 hxg5 26. Bxg5 Rf8 27. Qh5+ Kg8 28. Bf4 Rf5 29.
Qg6 a5 30. Re1 Raf8 31. Qg4 R5f7 32. Qd1 Qb5 33. Qc2 a4 34. Re2 Qb3 35. Qe4 Qb5 36.
Rc2 Re8 37. Qg6 Rf5 38. Rxc7 Re1+ 39. Kh2 Rh5+ 0-1

[Event "*** Titled Tuesday Blitz"]
[Site "Chess.com"]
[Date "2021.02.16"]
[Round "10"]
[White "Bulldog167"]
[Black "DamianoLew95"]
[Result "1-0"]
[WhiteElo "2868"]
[BlackElo "2610"]
[TimeControl "180+1"]
[EndTime "11:58:25 PST"]
[Termination "Bulldog167 won by resignation"]

1. d4 d5 2. c4 c6 3. cxd5 cxd5 4. Bf4 Nc6 5. e3 Nf6 6. Nc3 a6 7. Bd3 Bg4 8. Nge2 Rc8 9. O-O e6 10. Rc1 Be7 11. f3 Bh5 12. Na4 Nd7 13. Qb3 Na5 14. Rxc8 Qxc8 15. Qd1 O-O 16. Bg3 Bg6 17. Nf4 Bxd3 18. Nxd3 Qc6 19. Nc3 Rc8 20. Qe2 b5 21.
Rc1 Qb7 22. Rc2 Nc4 23. Nb1 Bg5 24. Bf2 h6 25. b3 Nd6 26. Nc5 Qa7 27. e4 dxe4 28.
fxe4 Nxc5 29. dxc5 Ne8 30. c6 Qc7 31. e5 Be7 32. Nd2 Qa5 33. Ne4 Rc7 34. h3 Qa3 35.
Qd3 h5 36. Bb6 Rc8 37. Qd7 Rb8 38. c7 1-0